 Dungeon Crawl Stone Soup version 0.31-a0-255-g9c3d1c461a (webtiles) character file.

Game seed: 2343813438991082160

773 qw the Shooter (level 7, -2/59 HPs)
             Began as a Minotaur Hexslinger on July 12, 2023.
             Engulfed by a steam dragon's steam (11 damage)
             ... on level 5 of the Dungeon.
             The game lasted 00:01:42 (3758 turns).

qw the Shooter (Minotaur Hexslinger)                Turns: 3758, Time: 00:01:43

Health: -2/59      AC:  8    Str: 10    XL:     7   Next: 53%
Magic:  7/7        EV: 13    Int:  8    God:
Gold:   239        SH:  0    Dex: 23    Spells: 7/8 levels left

rFire   . . .        Y - +1 sling (freeze)
rCold   . . .        (no shield)
rNeg    . . .        l - +0 acid dragon scales
rPois   .            (helmet restricted)
rElec   .            (no cloak)
rCorr   +            b - +0 pair of gloves
SInv    .            (no boots)
Will    .....        j - amulet of faith
Stlth   ++           (no ring)
HPRegen 0.29/turn    (no ring)
MPRegen 0.10/turn

%: faith
@: no status effects
A: horns 2, retaliatory headbutt, agile 2
a: no special abilities


You were on level 5 of the Dungeon.
You visited 1 branch of the dungeon, and saw 5 of its levels.

You collected 239 gold pieces.


Innate Abilities, Weirdness & Mutations

You have a pair of horns on your head.
You reflexively headbutt those who attack you in melee.
You are very agile. (Dex +8, Str/Int -2)


   Skills:
 - Level 4.1 Fighting
 + Level 6.9 Ranged Weapons
 - Level 4.8 Armour
 - Level 3.2 Dodging
 - Level 1.0 Spellcasting
 - Level 2.0 Hexes


You had 7 spell levels left.
You knew the following spells:

 Your Spells              Type           Power      Damage    Failure   Level
a - Slow                  Hex            12%        N/A       26%         1

Your spell library contained the following spells:

 Spells                   Type           Power      Damage    Failure   Level
 Inner Flame              Hex/Fire       2%         N/A       75%         3
 Portal Projectile        Hex/Tloc       4%         N/A       75%         3
 Cause Fear               Hex            1%         N/A       95%         4

Inventory:

Hand Weapons
 Y - a +1 sling of freezing (weapon)
Armour
 b - a +0 pair of gloves (worn)
 l - +0 acid dragon scales (worn)
Jewellery
 j - an amulet of faith (around neck)
Scrolls
 n - a scroll of identify
Potions
 a - a potion of haste {unknown}
 d - 2 potions of mutation
 e - a potion of magic {unknown}
 f - a potion of heal wounds {unknown}
 g - a potion of resistance {unknown}
 i - a potion of brilliance {unknown}
 k - a potion of curing
 m - a potion of cancellation {unknown}

Dungeon Overview and Level Annotations

Branches:
Dungeon (5/15)
 Temple: D:4-7

Altars:
Cheibriados
Wu Jian
Xom


Message History

You shoot a sling bullet. The sling bullet hits the steam dragon.
The sling bullet freezes the steam dragon.
The steam dragon is moderately wounded.
You shoot a sling bullet.
The sling bullet barely misses the steam dragon.
The steam dragon breathes steam at you. The ball of steam hits you!!
You hear an angry hiss.
You shoot a sling bullet. The sling bullet hits the steam dragon!
The sling bullet freezes the steam dragon.
The steam dragon is severely wounded.
You are engulfed in a cloud of scalding steam.
A steam dragon comes into view.
You shoot a sling bullet. The sling bullet hits the steam dragon.
The sling bullet freezes the steam dragon.
The steam dragon is severely wounded.
The steam dragon bites you. The steam dragon claws you.
You shoot a sling bullet.
The sling bullet closely misses the steam dragon.
The steam dragon closely misses you. x2
You shoot a sling bullet. The sling bullet hits the steam dragon.
The sling bullet freezes the steam dragon.
You kill the steam dragon!
You shoot a sling bullet. The sling bullet hits the steam dragon!
The sling bullet freezes the steam dragon.
The steam dragon is moderately wounded.
The steam dragon breathes steam at you. The ball of steam hits you!
You shoot a sling bullet.
The sling bullet hits the steam dragon but does no damage.
The steam dragon is moderately wounded.
You are engulfed in a cloud of scalding steam.
You shoot a sling bullet. The sling bullet hits the steam dragon!
The sling bullet freezes the steam dragon.
The steam dragon is severely wounded.
You are engulfed in a cloud of scalding steam.
You shoot a sling bullet.
The sling bullet closely misses the steam dragon.
You are engulfed in a cloud of scalding steam.
You die...

..## .^P#
#...#
...~#
#...#
...~~ #...
.)..~P
#..# ~~.~
#..##¤P ..
#.¤¤# ..#
#D¤# #.#
##@## #.
##.## ##
##¤¤# ##.
##.¤## #..
##..## ##.
#..## ##
##.### #
##<##.## #
##.#.>..##
#


You could see a steam dragon.

Vanquished Creatures
  Sigmund (D:2)
  A steam dragon (D:5)
  A phantom (D:5)
  2 hounds (D:5)
  A jelly (D:4)
  A gnoll bouda (D:5)
  An iguana (D:4)
  Terence (D:2)
  Natasha (thrice) (D:3)
  4 gnolls (D:5)
  5 adders
  A white imp (D:5)
  3 dart slugs
  2 orcs (D:5)
  5 ball pythons
  2 endoplasms
  3 giant cockroaches
  9 hobgoblins
  4 quokkas
  5 bats
  4 frilled lizards
  7 goblins
  6 kobolds
  8 rats
  A spectral kobold (D:2)
81 creatures vanquished.

Notes
Turn   | Place    | Note
-------+----------+-------------------------------------------
     0 | D:1      | qw the Minotaur Hexslinger began the quest for the Orb.
     0 | D:1      | Reached XP level 1. HP: 16/16 MP: 1/1
     0 | D:1      | 0 ||| qw: Version: 0.3-a-52-g30416fa
     0 | D:1      | 0 ||| qw: Game counter: 6641
     0 | D:1      | 0 ||| qw: Melee chars always use a shield: true
     0 | D:1      | 0 ||| qw: God list: Okawaru
     0 | D:1      | 0 ||| qw: Allow faded altars: false
     0 | D:1      | 0 ||| qw: Do Orc after clearing Dungeon:15 true
     0 | D:1      | 0 ||| qw: Do second Lair branch before Depths: true
     0 | D:1      | 0 ||| qw: Lair rune preference: random
     0 | D:1      | 0 ||| qw: Goals: Normal
     0 | D:1      | 0 ||| PLANNING D:1-11
   139 | D:1      | Reached skill level 3 in Ranged Weapons
   147 | D:1      | Reached XP level 2. HP: 12/23 MP: 2/2
   529 | D:1      | 529 ||| DROPPING scroll of poison.
   577 | D:2      | Reached XP level 3. HP: 19/29 MP: 3/3
   681 | D:2      | Noticed Terence
   693 | D:2      | Killed Terence
   694 | D:2      | Reached skill level 4 in Ranged Weapons
   885 | D:2      | 885 ||| FLEEEEING.
   886 | D:2      | 886 ||| FLEEEEING.
   887 | D:2      | 887 ||| FLEEEEING.
   888 | D:2      | 888 ||| FLEEEEING.
   889 | D:2      | 889 ||| FLEEEEING.
   890 | D:2      | 890 ||| FLEEEEING.
   891 | D:2      | 891 ||| FLEEEEING.
   892 | D:2      | 892 ||| FLEEEEING.
   896 | D:2      | 896 ||| FLEEEEING.
   954 | D:2      | 954 ||| Stepping ~*~*~tactically~*~*~ (water).
   961 | D:2      | Reached XP level 4. HP: 30/36 MP: 4/4
   993 | D:2      | Found a faded altar of an unknown god.
   994 | D:2      | 994 ||| Stepping ~*~*~tactically~*~*~ (water).
  1075 | D:2      | Noticed Sigmund
  1077 | D:2      | 1077 ||| FLEEEEING.
  1078 | D:2      | 1078 ||| FLEEEEING.
  1079 | D:2      | 1079 ||| FLEEEEING.
  1080 | D:2      | 1080 ||| FLEEEEING.
  1081 | D:2      | 1081 ||| FLEEEEING.
  1082 | D:2      | 1082 ||| FLEEEEING.
  1092 | D:2      | 1092 ||| STAIRDANCE
  1134 | D:1      | 1134 ||| UPGRADING to +0 ring mail.
  1144 | D:1      | 1144 ||| DROPPING +0 robe.
  1145 | D:1      | 1145 ||| READING scroll labelled PADDIFFAFFE.
  1146 | D:1      | 1146 ||| READING scroll labelled QERPHE PAPN.
  1147 | D:1      | 1147 ||| DRINKING 3 yellow potions.
  1147 | D:1      | Gained mutation: You are agile. (Dex +4, Str/Int -1)
                  | [potion of mutation]
  1147 | D:1      | Gained mutation: You are very agile. (Dex +8, Str/Int -2)
                  | [potion of mutation]
  1155 | D:2      | 1155 ||| STAIRDANCE
  1186 | D:2      | 1186 ||| STAIRDANCE
  1188 | D:2      | 1188 ||| STAIRDANCE
  1190 | D:2      | 1190 ||| STAIRDANCE
  1192 | D:2      | 1192 ||| STAIRDANCE
  1201 | D:2      | 1201 ||| STAIRDANCE
  1227 | D:2      | 1227 ||| STAIRDANCE
  1251 | D:2      | 1251 ||| STAIRDANCE
  1271 | D:2      | 1271 ||| STAIRDANCE
  1273 | D:2      | 1273 ||| STAIRDANCE
  1282 | D:2      | 1282 ||| STAIRDANCE
  1326 | D:2      | Killed Sigmund
  1327 | D:2      | Reached XP level 5. HP: 41/41 MP: 5/5
  1556 | D:2      | 1556 ||| DROPPING amulet of magic regeneration.
  1557 | D:2      | 1557 ||| READING scroll labelled UCAFENGU XAAHE.
  1558 | D:2      | 1558 ||| DRINKING 2 viscous black potions.
  1600 | D:2      | 1600 ||| DROPPING potion of lignification.
  1652 | D:3      | Noticed Natasha
  1656 | D:3      | Killed Natasha
  1744 | D:3      | Reached skill level 5 in Ranged Weapons
  1744 | D:3      | Reached XP level 6. HP: 48/48 MP: 6/6
  1744 | D:3      | Noticed Natasha
  1746 | D:3      | 1746 ||| FLEEEEING.
  1747 | D:3      | 1747 ||| FLEEEEING.
  1748 | D:3      | 1748 ||| FLEEEEING.
  1749 | D:3      | 1749 ||| FLEEEEING.
  1750 | D:3      | 1750 ||| FLEEEEING.
  1752 | D:3      | 1752 ||| FLEEEEING.
  1753 | D:3      | 1753 ||| FLEEEEING.
  1754 | D:3      | 1754 ||| FLEEEEING.
  1755 | D:3      | 1755 ||| FLEEEEING.
  1756 | D:3      | 1756 ||| FLEEEEING.
  1757 | D:3      | 1757 ||| FLEEEEING.
  1758 | D:3      | 1758 ||| FLEEEEING.
  1759 | D:3      | 1759 ||| FLEEEEING.
  1760 | D:3      | 1760 ||| FLEEEEING.
  1762 | D:3      | 1762 ||| FLEEEEING.
  1763 | D:3      | 1763 ||| FLEEEEING.
  1764 | D:3      | 1764 ||| FLEEEEING.
  1765 | D:3      | 1765 ||| FLEEEEING.
  1766 | D:3      | 1766 ||| FLEEEEING.
  1767 | D:3      | 1767 ||| FLEEEEING.
  1771 | D:3      | 1771 ||| FLEEEEING.
  1772 | D:3      | 1772 ||| FLEEEEING.
  1773 | D:3      | 1773 ||| FLEEEEING.
  1774 | D:3      | 1774 ||| FLEEEEING.
  1775 | D:3      | 1775 ||| FLEEEEING.
  1776 | D:3      | 1776 ||| FLEEEEING.
  1781 | D:3      | 1781 ||| FLEEEEING.
  1782 | D:3      | Killed Natasha
  2029 | D:3      | Reached skill level 3 in Fighting
  2229 | D:3      | Noticed Natasha
  2235 | D:3      | Killed Natasha
  2300 | D:3      | Found a snail-covered altar of Cheibriados.
  2300 | D:3      | Found a shimmering altar of Xom.
  2341 | D:3      | 2341 ||| UPGRADING to +0 pair of gloves.
  2346 | D:3      | 2346 ||| DROPPING ring of wizardry.
  2533 | D:4      | Found an ornate altar of the Wu Jian Council.
  3147 | D:4      | 3147 ||| UPGRADING to amulet of faith.
  3152 | D:4      | 3152 ||| READING scroll labelled FAIMNI JIATIGU.
  3157 | D:5      | Entered Level 5 of the Dungeon
  3197 | D:5      | Reached skill level 6 in Ranged Weapons
  3406 | D:5      | 3406 ||| Stepping ~*~*~tactically~*~*~ (outnumbered).
  3408 | D:5      | 3408 ||| Stepping ~*~*~tactically~*~*~ (outnumbered).
  3415 | D:5      | Reached XP level 7. HP: 49/58 MP: 7/7
  3445 | D:5      | 3445 ||| FLEEEEING.
  3446 | D:5      | 3446 ||| FLEEEEING.
  3447 | D:5      | 3447 ||| FLEEEEING.
  3448 | D:5      | 3448 ||| FLEEEEING.
  3449 | D:5      | 3449 ||| FLEEEEING.
  3450 | D:5      | 3450 ||| FLEEEEING.
  3451 | D:5      | 3451 ||| FLEEEEING.
  3452 | D:5      | 3452 ||| FLEEEEING.
  3453 | D:5      | 3453 ||| FLEEEEING.
  3454 | D:5      | 3454 ||| FLEEEEING.
  3465 | D:5      | 3465 ||| FLEEEEING.
  3472 | D:5      | 3472 ||| FLEEEEING.
  3473 | D:5      | 3473 ||| FLEEEEING.
  3474 | D:5      | 3474 ||| FLEEEEING.
  3475 | D:5      | 3475 ||| FLEEEEING.
  3476 | D:5      | 3476 ||| FLEEEEING.
  3477 | D:5      | 3477 ||| FLEEEEING.
  3485 | D:5      | 3485 ||| FLEEEEING.
  3486 | D:5      | 3486 ||| FLEEEEING.
  3487 | D:5      | 3487 ||| FLEEEEING.
  3488 | D:5      | 3488 ||| FLEEEEING.
  3489 | D:5      | 3489 ||| FLEEEEING.
  3490 | D:5      | 3490 ||| FLEEEEING.
  3491 | D:5      | 3491 ||| FLEEEEING.
  3492 | D:5      | 3492 ||| FLEEEEING.
  3493 | D:5      | 3493 ||| FLEEEEING.
  3494 | D:5      | 3494 ||| FLEEEEING.
  3495 | D:5      | 3495 ||| FLEEEEING.
  3496 | D:5      | 3496 ||| FLEEEEING.
  3497 | D:5      | 3497 ||| FLEEEEING.
  3498 | D:5      | 3498 ||| FLEEEEING.
  3499 | D:5      | 3499 ||| FLEEEEING.
  3500 | D:5      | 3500 ||| FLEEEEING.
  3501 | D:5      | 3501 ||| FLEEEEING.
  3502 | D:5      | 3502 ||| FLEEEEING.
  3503 | D:5      | 3503 ||| FLEEEEING.
  3504 | D:5      | 3504 ||| STAIRDANCE
  3554 | D:4      | 3554 ||| UPGRADING to +0 acid dragon scales.
  3564 | D:4      | 3564 ||| DROPPING +0 ring mail.
  3565 | D:4      | 3565 ||| READING scroll labelled TYLYZEA QASIJO.
  3685 | D:5      | Reached skill level 3 in Dodging
  3739 | D:5      | Noticed a steam dragon
  3744 | D:5      | 3744 ||| Stepping ~*~*~tactically~*~*~ (cloud).
  3751 | D:5      | Noticed a steam dragon
  3754 | D:5      | Killed a steam dragon
  3755 | D:5      | HP: 12/59 [something/ball of steam (16)]
  3758 | D:5      | Engulfed by a steam dragon's steam

Levels and vault maps discovered:
D:1:      minmay_arrival_jagged, layout_basic, kennysheep_nondescript
D:2:      minmay_wonky_spiral, layout_basic,
          dreamdust_ecumenical_altar_drowned_temple, uniq_terence, uniq_sigmund
D:3:      layout_loops_cross, nicolae_overflow_two_pavilions, uniq_natasha
D:4:      layout_basic, nicolae_wu_jian_wuxing_cycle, kennysheep_nub
D:5:      kennysheep_steamy, layout_cave_pods

Skill      XL: |  1  2  3  4  5  6  7 |
---------------+----------------------+-----
Ranged Weapons | 3 4 5 6 |  6.9
Fighting       | 2 3 4 |  4.1
Armour         | 4 |  4.8
Dodging        | 3 |  3.2
Spellcasting   | |  1.0
Hexes          | |  2.0

Action                     |  1- 3 |  4- 6 |  7- 9 || total
---------------------------+-------+-------+-------++-------
   Fire: Sling             |   103 |   123 |    31 ||   257
    Use: Scroll            |       |     4 |     1 ||     5
         Potion            |       |     2 |       ||     2
 Armour: Robe              |     9 |       |       ||     9
         Ring mail         |       |    13 |     3 ||    16
         Acid dragon scale |       |       |     2 ||     2
  Dodge: Dodged            |    23 |    41 |    12 ||    76

Table legend:
 A = Non-vault XP
 B = Vault XP
 C = Vault XP percentage of total XP
 D = Non-vault monster count
 E = Vault monster count
 F = Vault count percentage of total count
                 A         B        C        D         E       F
            +---------+---------+-------+---------+---------+-------
      Total |     618 |     487 |  44.1 |      72 |       9 |  11.1
            +---------+---------+-------+---------+---------+-------
        D:1 |      32 |       0 |   0.0 |      23 |       0 |   0.0
        D:2 |      33 |     273 |  89.2 |      11 |       7 |  38.9
        D:3 |     125 |      33 |  20.9 |      13 |       1 |   7.1
        D:4 |     103 |       0 |   0.0 |      13 |       0 |   0.0
        D:5 |     325 |     181 |  35.8 |      12 |       1 |   7.7
            +---------+---------+-------+---------+---------+-------
